 Dungeon Crawl Stone Soup version 0.31-a0-217-g58bb5d7 (webtiles) character file.

Game seed: 5404298035616513588

35 lyrin the Firebug (level 3, -1/24 HPs)
             Began as a Human Fire Elementalist on July 2, 2023.
             Slain by an adder (3 damage)
             ... on level 1 of the Dungeon.
             The game lasted 00:01:57 (1010 turns).

lyrin the Firebug (Human Fire Elementalist)         Turns: 1010, Time: 00:01:57

Health: -1/24      AC:  2    Str:  8    XL:     3   Next: 55%
Magic:  4/6        EV: 12    Int: 17    God:
Gold:   75         SH:  0    Dex: 13    Spells: 3/6 levels left

rFire   . . .        e - +0 short sword
rCold   . . .        (no shield)
rNeg    . . .        a - +0 robe
rPois   .            (no helmet)
rElec   .            (no cloak)
rCorr   .            (no gloves)
SInv    .            (no boots)
Will    .....        (no amulet)
Stlth   ++           (no ring)
HPRegen 0.24/turn    (no ring)
MPRegen 0.10/turn

%: no passive effects
@: lethally poisoned (-1 -> -9)
A: no striking features
a: no special abilities


You were on level 1 of the Dungeon.
You visited 1 branch of the dungeon, and saw 2 of its levels.

You collected 75 gold pieces.

Inventory:

Hand Weapons
 e - a +0 short sword (weapon)
Armour
 a - a +0 robe (worn)
Scrolls
 c - 2 scrolls of identify {unknown}
 d - a scroll of torment {unknown}
 f - a scroll of fear {unknown}
 g - a scroll of acquirement {unknown}
 h - a scroll of immolation
 i - a scroll of silence {unknown}
 k - a scroll of noise {unknown}
Potions
 j - a potion of brilliance {unknown}


   Skills:
 + Level 0.3 Short Blades
 + Level 2.1 Dodging
 - Level 2.0 Stealth
 + Level 2.4 Spellcasting
 + Level 1.2 Conjurations
 + Level 3.7 Fire Magic


You had 3 spell levels left.
You knew the following spells:

 Your Spells              Type           Power      Damage    Failure   Level
a - Foxfire               Conj/Fire      40%        2x1d6     7%          1
b - Scorch                Fire           28%        2d6       6%          2

Your spell library contained the following spells:

 Spells                   Type           Power      Damage    Failure   Level
 Inner Flame              Hex/Fire       8%         N/A       26%         3
 Volatile Blastmotes      Fire/Tloc      16%        2d11      26%         3
 Flame Wave               Conj/Fire      10%        2d6       54%         4
 Animate Dead             Necr           2%         N/A       88%         4
 Borgnjor's Vile Clutch   Necr/Erth      1%         N/A       99%         5
 Death Channel            Necr           1%         N/A       100%        6


Dungeon Overview and Level Annotations

Branches:
Dungeon (2/15)

Altars:


Message History

You don't have enough magic to cast this spell.
Unknown command.
You feel sick. The adder attacks as you move away! The adder bites you.
You are more poisoned.
The adder poisons you!
You feel sick. The adder closely misses you.
You feel sick.
Casting: Scorch (safe; 6% risk of failure)
Confirm with . or Enter, or press ? or * to list all spells.
You don't have enough magic to cast this spell.
The adder attacks as you move away! The adder closely misses you.
You feel sick.
You feel sick. The adder barely misses you.
Casting: Scorch (safe; 6% risk of failure)
Confirm with . or Enter, or press ? or * to list all spells.
You conjure some foxfire!
You feel sick. The adder bites you.
You are more poisoned.
The adder poisons you!
Unknown command.
You closely miss the adder.
The adder is moderately wounded.
You feel sick.
The foxfire hits the adder.
The adder is heavily wounded.
The adder misses you.
Unknown command.
Magic courses through your body.
You feel sick. The adder bites you.
You are lethally poisoned!
The adder poisons you!
Unknown command.
Casting: Foxfire (safe; 7% risk of failure)
Confirm with . or Enter, or press ? or * to list all spells.
Flames lash the adder.
The adder is severely wounded.
The adder's fire resistance burns away.
* * * LOW HITPOINT WARNING * * *
You feel very sick. The adder bites you.
* * * LOW HITPOINT WARNING * * *
The adder bites you.
You die...

#.# #.#....### ###.# #.# #.#
#.##.#.# #.# #.# ###.#
#.##.#.#######.###.##
....#####.............>.....#
###.......##.#..............#
#.########.#######.#.####.#
#..............# #.#.# #.#####
##.###########.###.#.####......
#.# #@S...>.......####
#.#######################.#
#..........# #.# #.########.#
#.# #.# #.# #.# #.########.#
#.# #..........# #.#
#########..# #.# #..# #.#


You could see an adder (combustible).

Vanquished Creatures
  An adder (D:2)
  4 ball pythons
  An endoplasm (D:1)
  A goblin (D:1)
  3 hobgoblins (D:1)
  3 quokkas
  A ball python skeleton (D:2)
  5 bats
  A frilled lizard (D:2)
  2 kobolds
  A quokka skeleton (D:2)
  2 rats (D:1)
25 creatures vanquished.

Vanquished Creatures (others)
  56 foxfires
56 creatures vanquished.

Grand Total: 81 creatures vanquished

Notes
Turn   | Place    | Note
-------+----------+-------------------------------------------
     0 | D:1      | lyrin the Human Fire Elementalist began the quest for the
                  | Orb.
     0 | D:1      | Reached XP level 1. HP: 13/13 MP: 3/3
   236 | D:1      | Reached XP level 2. HP: 19/19 MP: 1/5
   457 | D:1      | Found a faded altar of an unknown god.
   857 | D:2      | Reached XP level 3. HP: 24/24 MP: 3/6
   920 | D:2      | Learned a level 2 spell: Scorch
  1010 | D:1      | Slain by an adder

Illustrated notes

Levels and vault maps discovered:
D:1:      dpeg_arrival_more_subterranean_lakeside_camping, layout_loops_ring,
          hellmonk_ecumenical_altar_blasted, chequers_serial_rivers_micro_b,
          minmay_tromino_v2
D:2:      layout_rooms, basic_altar, serial_undead, serial_undead_d,
          serial_undead_e, serial_undead_d, serial_undead_b

Action                     || total
---------------------------++-------
  Melee: Short sword       ||     6
   Cast: Foxfire           ||    34
         Scorch            ||     4
    Use: Potion            ||     1
 Armour: Robe              ||     1
  Dodge: Dodged            ||    11

Table legend: (Time is in decaauts)
 A = Elapsed time spent in this place.
 B = Non-inter-level travel time spent in this place.
 C = Inter-level travel time spent in this place.
 D = Time resting spent in this place.
 E = Time spent auto-exploring this place.
 F = Levels seen in this place.
 G = Mean time per level.
                   A        B        C        D        E       F      G
               +--------+--------+--------+--------+--------+-----+--------+
         Total |   1011 |   1001 |     10 |      0 |    835 |   2 |  505.5 |
       Dungeon |   1011 |   1001 |     10 |      0 |    835 |   2 |  505.5 |
               +--------+--------+--------+--------+--------+-----+--------+

Top non-repeatable levels by time:
     D:1: 863 daAuts
     D:2: 147 daAuts
